 Dungeon Crawl Stone Soup version 0.21.1-1-g345015f (webtiles) character file.

48 Iko the Skirmisher (level 3, -3/34 HPs)
             Began as a Demigod Wanderer on June 8, 2018.
             Slain by a bullfrog (5 damage)
             ... on level 6 of the Dungeon.
             The game lasted 00:09:55 (538 turns).

Iko the Skirmisher (Demigod Wanderer)                Turns: 538, Time: 00:09:56

Health: -3/34      AC:  6    Str: 16    XL:     3   Next: 30%
Magic:  6/6        EV:  9    Int: 17    God:
Gold:   73         SH:  0    Dex: 15    Spells: 2/2 levels left

rFire    . . .     SeeInvis .   a - +3 mace
rCold    + . .     Gourm    .   (no shield)
rNeg     . . .     Faith    .   e - +0 scale mail
rPois    .         Spirit   .   (no helmet)
rElec    .         Reflect  .   (no cloak)
rCorr    .         Harm     .   (no gloves)
MR       +....                  (no boots)
Stlth    ..........             (no amulet)
HPRegen  0.11/turn              (no ring)
MPRegen  0.10/turn              (no ring)

@: no status effects
A: cold resistance 1, high mp 1, magic resistance 1
a: no special abilities


You were on level 6 of the Dungeon.
You were not hungry.

You visited 1 branch of the dungeon, and saw 6 of its levels.

You collected 73 gold pieces.

Inventory:

Hand Weapons
 a - a +3 mace (weapon)
Armour
 e - a +0 scale mail (worn)
Wands
 b - a wand of random effects (13)
Comestibles
 d - a ration


   Skills:
 + Level 4.3 Fighting
 + Level 2.4 Maces & Flails
 + Level 1.0 Throwing
 + Level 1.0 Armour
 + Level 0.3 Dodging
 + Level 1.0 Stealth
 + Level 1.0 Evocations


You had 2 spell levels left.
You didn't know any spells.

Dungeon Overview and Level Annotations

Branches:
Dungeon (6/15)
 Temple: D:4-7

Portals:
Sewer: D:6

Annotations:
D:5 Eustachio


Innate Abilities, Weirdness & Mutations

You have an increased reservoir of magic. (+10% MP)
Your flesh is cold resistant. (rC+)
You are resistant to hostile enchantments. (MR+)


Message History

The orc hits you but does no damage.
You hit the orc.
The orc is severely wounded.
The orc hits you but does no damage.
You sock the orc!
You kill the orc!
The crimson imp barely misses you.
You closely miss the crimson imp.
The crimson imp hits you but does no damage.
The bullfrog hits you.
* * * LOW HITPOINT WARNING * * *
Aiming: Random Effects
Press: ? - help, Shift-Dir - straight line, f - bullfrog
Aim: a bullfrog The bullfrog seems to slow down.
The crimson imp hits you.
* * * LOW HITPOINT WARNING * * *
The bullfrog hits you.
* * * LOW HITPOINT WARNING * * *
You closely miss the bullfrog.
The crimson imp blinks!
The bullfrog hits you.
You die...

#.# #.# # #####.#
#.###.....#
..........########
#................#
#................#
#.....F@§†.......#
#..........†.....#
#..5.#..≈#†......#
.....≈≈≈≈≈.....<.#
#..#≈≈≈≈≈≈≈#.†...#
....≈≈≈≈≈≈≈......#
....≈≈≈∩≈≈≈...#...#
#..≈≈≈≈≈≈≈..##...#
≈≈≈≈≈≈≈#.##...#


You could see a bullfrog and a crimson imp.

Vanquished Creatures
  A hound (D:6)
  A leopard gecko (D:3)
  2 orcs
  A giant cockroach (D:6)
  A goblin (D:1)
  2 hobgoblins
  A quokka (D:6)
  A ball python (D:6)
  3 bats
  A kobold (D:1)
  2 rats (D:1)
16 creatures vanquished.

Notes
Turn   | Place    | Note
-------+----------+-------------------------------------------
     0 | D:1      | Iko the Demigod Wanderer began the quest for the Orb.
     0 | D:1      | Iko set off with: a +2 mace, a +0 ring mail, a potion of curing, a ration
     0 | D:1      | Reached XP level 1. HP: 19/19 MP: 3/3
   257 | D:3      | Reached skill level 4 in Fighting
   287 | D:3      | Reached XP level 2. HP: 25/27 MP: 5/5
   300 | D:3      | Gained mutation: You are resistant to hostile enchantments. (MR+) [potion of mutation]
   300 | D:3      | Gained mutation: Your flesh is cold resistant. (rC+) [potion of mutation]
   348 | D:4      | Noticed a phantom
   423 | D:4      | Found a burning altar of Makhleb.
   490 | D:5      | Entered Level 5 of the Dungeon
   490 | D:5      | Noticed Eustachio
   504 | D:5      | Found a deep blue altar of Sif Muna.
   510 | D:5      | Noticed an ogre
   513 | D:6      | Found a glowing drain.
   522 | D:6      | Reached XP level 3. HP: 10/34 MP: 6/6
   533 | D:6      | Noticed a bullfrog
   538 | D:6      | Slain by a bullfrog

Skill      XL: |  1  2 |
---------------+-------+-----
Fighting       | 4 |  4.3
Maces & Flails | 2 |  2.4
Throwing       | |  1.0
Armour         | |  1.0
Dodging        | |  0.3
Stealth        | |  1.0
Evocations     | |  1.0

Action                   || total
-------------------------++-------
Melee: Mace              ||    50
Evoke: Wand              ||    20
  Use: Potion            ||     6
       Scroll            ||     1
Armor: Scale mail        ||    44
Dodge: Dodged            ||    28
